 Dungeon Crawl Stone Soup version 0.26-a0-662-g8b9c6dab81 (webtiles) character file.

Game seed: 5489825439419503695

152 flotson the Covert (level 5, -5/24 HPs)
             Began as a Felid Delver on Oct 10, 2020.
             Killed by nerve-wracking pain
             ... invoked by an orc priest
              (12 damage)
             ... on level 4 of the Dungeon.
             The game lasted 00:12:03 (6551 turns).

flotson the Covert (Felid Delver)                   Turns: 6551, Time: 00:12:03

Health: -5/24      AC:  2    Str:  8    XL:     5   Next: 11%
Magic:  4/7        EV: 19    Int: 11    God:
Gold:   154        SH:  0    Dex: 20    Spells: 5/6 levels left
                                        Lives:  0   Deaths: 1

rFire    . . .     SeeInvis +     - Unarmed
rCold    . . .     Faith    .   (shield unavailable)
rNeg     . . .     Spirit   .   (armour unavailable)
rPois    .         Reflect  .   (helmet unavailable)
rElec    .         Harm     .   (cloak unavailable)
rCorr    .         Rampage  .   (gloves unavailable)
MR       .....                  (boots unavailable)
Stlth    ++++......             w - amulet of inaccuracy (curse)
HPRegen  0.08/turn              (no ring)
MPRegen  0.10/turn              r - ring of attention (curse)

@: very slightly contaminated, quick
A: very small, no armour, no weapons or thrown items, stealth, claws 1, fangs 3,
see invisible, speed 1, shaggy fur 2, sharp paws
a: no special abilities


You were on level 4 of the Dungeon.
You visited 1 branch of the dungeon, and saw 5 of its levels.

You collected 154 gold pieces.

Inventory:

Jewellery
 r - a cursed ring of attention (right paw)
 w - a cursed amulet of inaccuracy (around neck)
Wands
 e - a wand of digging (3)
 i - a wand of acid (3)
 u - a wand of flame (10)
Scrolls
 a - 2 scrolls of fog
 b - 3 scrolls of magic mapping
 c - a scroll of fear
 f - a scroll of noise {unknown}
 j - a scroll of teleportation {unknown}
 l - a scroll of remove curse {unknown}
 m - a scroll of immolation {unknown}
 n - a scroll of enchant armour {unknown}
 q - a scroll of blinking {unknown}
 t - a scroll of random uselessness {unknown}
Potions
 d - 4 potions of haste
 g - a potion of invisibility {unknown}
 h - 2 potions of heal wounds
 k - a potion of brilliance
 o - a potion of mutation
 p - a potion of curing
 s - 2 potions of might
 v - 3 potions of stabbing
 x - a potion of berserk rage {unknown}


   Skills:
 + Level 3.6 Fighting
 + Level 3.8 Dodging
 + Level 8.2 Stealth
 + Level 3.5 Unarmed Combat
 + Level 1.1 Spellcasting
 + Level 1.1 Conjurations
 + Level 0.9 Fire Magic
 + Level 1.2 Evocations


You had 5 spell levels left.
You knew the following spells:

 Your Spells              Type           Power        Failure   Level
a - Foxfire               Conj/Fire      #...         22%         1

Your spell library contained the following spells:

 Spells                   Type           Power        Failure   Level
 Inner Flame              Hex/Fire       #.......     63%         3
 Sticky Flame             Conj/Fire      #.......     91%         4
 Fireball                 Conj/Fire      #.........   99%         5
 Starburst                Conj/Fire      #.........   100%        6


Dungeon Overview and Level Annotations

Branches:
Dungeon (5/15)
 Temple: D:4-7

Altars:
Xom

Annotations:
D:4 2 transporters


Innate Abilities, Weirdness & Mutations

You cannot wear armour.
You are incapable of wielding weapons or throwing items.
Your paws allow you to move quietly. (Stealth)
You have sharp claws.
You have razor-sharp teeth.
You have supernaturally acute eyesight. (SInv)
You cover ground quickly.
You are covered in thick fur. (AC +2)
Your sharp claws are effective at attacking unaware monsters.


Message History

The orc priest is heavily wounded.
The foxfire hits the orc priest but does no damage.
The orc priest is heavily wounded.
Casting: Foxfire (safe; 22% risk of failure)
Confirm with . or Enter, or press ? or * to list all spells.
You miscast Foxfire.
You are very lightly contaminated with residual magic.
Nothing appears to happen.
The orc misses you.
The orc priest calls down the wrath of Beogh upon you.
You struggle to resist.
Casting: Foxfire (safe; 22% risk of failure)
Confirm with . or Enter, or press ? or * to list all spells.
You conjure some foxfire!
The foxfire hits the orc but does no damage.
The orc barely misses you.
The quokka skeleton completely misses you.
The orc priest mumbles some strange prayers to Beogh against you.
Pain shoots through your body!
Ouch! That really hurt!
You die...

##..##........#(.#
#................#
#............#.#
##..............# .
##..♣...........##..
##...♣...............
####...........§........
##.....†...##...oo.....#
.....##...#####.@o.....#
....###......##v.Z.......
...###....##....##.####..
........####....# .# #
......#####...... .#
......##..##..### .#
.........> ##. .#
........# .. ##......#


You could see an orc priest, 2 orcs and a quokka skeleton.

Vanquished Creatures
  Purgy (D:2)
  A scorpion (D:3)
  A worker ant (D:4)
  3 adders
  A gnoll (D:1)
  An ooze (D:1)
  A worm (D:3)
  A dart slug (D:2)
  A leopard gecko (D:2)
  3 orcs
  4 giant cockroaches
  11 goblins
  11 hobgoblins
  6 jackals
  3 quokkas
  2 ball pythons
  6 bats
  3 frilled lizards
  8 kobolds
  8 rats
76 creatures vanquished.

Vanquished Creatures (others)
  15 foxfires (D:4)
15 creatures vanquished.

Grand Total: 91 creatures vanquished

Notes
Turn   | Place    | Note
-------+----------+-------------------------------------------
     0 | D:5      | flotson the Felid Delver began the quest for the Orb.
     0 | D:5      | Reached XP level 1. HP: 10/10 MP: 2/2
     9 | D:5      | Noticed an iguana
    21 | D:5      | Noticed an ogre
    60 | D:5      | Identified the Grimoire of Flames
   121 | D:4      | Noticed a worker ant
   427 | D:3      | Found a shimmering altar of Xom.
   428 | D:3      | Found a shimmering altar of Xom.
   428 | D:3      | Found a shimmering altar of Xom.
   429 | D:3      | Found a shimmering altar of Xom.
   475 | D:3      | Reached skill level 7 in Stealth
   475 | D:3      | Reached XP level 2. HP: 12/14 MP: 3/3
  1289 | D:2      | Reached XP level 3. HP: 11/17 MP: 4/4
  2703 | D:1      | Reached XP level 4. HP: 15/21 MP: 5/5
  3869 | D:3      | Noticed Purgy
  4187 | D:2      | Learned a level 1 spell: Foxfire
  4547 | D:3      | Found a shimmering altar of Xom.
  5142 | D:2      | Killed Purgy
  5142 | D:2      | Reached skill level 8 in Stealth
  5142 | D:2      | Reached XP level 5. HP: 24/24 MP: 5/7
  5992 | D:4      | Noticed an ogre
  6039 | D:4      | Found a transporter.
  6154 | D:3      | Reached skill level 1 in Spellcasting
  6154 | D:3      | Reached skill level 1 in Conjurations
  6154 | D:3      | Reached skill level 1 in Evocations
  6154 | D:3      | Gained mutation: You are covered in thick fur. (AC +2)
                  | [Felid growth]
  6154 | D:3      | Reached XP level 6. HP: 11/28 MP: 8/8
  6441 | D:4      | Found a transporter.
  6465 | D:4      | Mangled by a scorpion
  6466 | D:4      | Reached XP level 5. HP: -8/24 MP: 6/7
  6551 | D:4      | Killed from afar by an orc priest

Illustrated notes

Levels and vault maps discovered:
D:1:      minmay_arrival_three_doors, layout_rooms, roderic_lattice_a,
          minmay_misc_feat_room, minmay_misc_feat_columns
D:2:      layout_basic, interstate_on_off
D:3:      layout_loops_ring, serial_park_tiny_2, xom_redecorated, uniq_purgy
D:4:      gammafunk_cloud_chamber, layout_cave_pools,
          minmay_temple_entry_statues, chequers_mini_garden, uniq_duvessa
D:5:      layout_basic, gammafunk_ghost_grave

Skill      XL: |  1  2  3  4  5 |
---------------+----------------+-----
Stealth        | 7 8 |  8.2
Dodging        | 3 |  3.8
Unarmed Combat | 3 |  3.5
Spellcasting   | 1 |  1.1
Conjurations   | 1 |  1.1
Evocations     | 1 |  1.2
Fighting       | |  3.6
Fire Magic     | |  0.9

Action                   |  1- 3 |  4- 6 || total
-------------------------+-------+-------++-------
Melee: Unarmed           |   115 |   149 ||   264
       Bite              |     7 |     8 ||    15
       Punch             |     1 |       ||     1
 Cast: Foxfire           |       |    10 ||    10
Evoke: Wand              |       |     5 ||     5
  Use: Scroll            |       |     8 ||     8
 Stab: Sleeping          |    12 |    11 ||    23
Armor: Skin              |     3 |     5 ||     8
Dodge: Dodged            |    82 |   135 ||   217

Table legend: (Time is in decaauts)
 A = Elapsed time spent in this place.
 B = Non-inter-level travel time spent in this place.
 C = Inter-level travel time spent in this place.
 D = Time resting spent in this place.
 E = Time spent auto-exploring this place.
 F = Levels seen in this place.
 G = Mean time per level.
                   A        B        C        D        E       F      G
               +--------+--------+--------+--------+--------+-----+--------+
         Total |   5854 |   5691 |    163 |   2360 |   2335 |   5 | 1170.8 |
       Dungeon |   5854 |   5691 |    163 |   2360 |   2335 |   5 | 1170.8 |
               +--------+--------+--------+--------+--------+-----+--------+

Top non-repeatable levels by time:
     D:2: 2903 daAuts
     D:3: 1590 daAuts
     D:1: 678 daAuts
     D:4: 589 daAuts
     D:5: 93 daAuts
